 Dungeon Crawl Stone Soup version 0.14-a0-2001-g390038d (webtiles) character file.

347 Mitsuki the Firebug (level 5, -9/43 HPs)
             Began as a Djinni Fire Elementalist on Jan 18, 2014.
             Mangled by Prince Ribbit (11 damage)
             ... on Level 4 of the Dungeon.
             The game lasted 00:28:26 (4702 turns).

Mitsuki the Firebug (Djinni Fire Elementalist)      Turns: 4702, Time: 00:28:27

HP  -9/43        AC  3     Str  8      XL: 5   Next: 74%
MP   0/0         EV 12     Int 16      God:
Gold 114         SH  0     Dex 14      Spells:  3 memorised,  5 levels left

rFire  + + +     SeeInvis .     (no weapon)
rCold  x . .     Clarity  .     a - +0 robe
rNeg   + + +     Conserve .     (no shield)
rPois  .         rCorr    .     l - +0 dwarf helmet
rElec  .         rRot     .     (no cloak)
SustAb . .       Spirit   .     (no gloves)
rMut   .         Warding  .     (boots unavailable)
Saprov . . .     Stasis   .     (no amulet)
MR     .....                    (no ring)
                                (no ring)

@: flying, not resistant to hostile enchantments, fairly stealthy
A: fire immunity, cold vulnerability, life protection 3
a: no special abilities


You were on level 4 of the Dungeon.
You were not hungry.

You visited 1 branch of the dungeon, and saw 4 of its levels.

You collected 114 gold pieces.

Inventory:

Armour
 a - a +0 robe (worn)
 l - a +0 dwarven helmet (worn)
Comestibles
 d - 2 royal jellies
Scrolls
 e - 3 scrolls of remove curse {unknown}
 f - a scroll of amnesia
 h - 2 scrolls of identify
 n - a scroll of enchant weapon I
Potions
 c - a potion of might {unknown}
Books
 b - a book of Flames

   Spells                             Type                      Level
   *Flame Tongue                      Conjuration/Fire             1
   *Throw Flame                       Conjuration/Fire             2
   *Conjure Flame                     Conjuration/Fire             3
   Inner Flame                        Hexes/Fire                   3
   Sticky Flame                       Conjuration/Fire             4
   Fireball                           Conjuration/Fire             5


   Skills:
 - Level 1.7 Dodging
 - Level 1.5 Stealth
 + Level 3.8 Spellcasting
 + Level 2.9 Conjurations
 * Level 7.0 Fire Magic


You had 5 spell levels left.
You knew the following spells:

 Your Spells              Type           Power        Failure   Level  Hunger
a - Flame Tongue          Conj/Fire      ###..        2%          1    None
b - Conjure Flame         Conj/Fire      ###.....     10%         3    ###....
c - Throw Flame           Conj/Fire      ###...       4%          2    ##.....


Dungeon Overview and Level Annotations

Branches:
Dungeon (4/16)
 Temple: D:4-7

Altars:

Annotations:
D:4 Prince Ribbit


Innate Abilities, Weirdness & Mutations

You are immune to all types of fire, even holy and hellish.
You are vulnerable to cold.
You need no food.
You have no legs.
You are immune to negative energy.


Message History

Prince Ribbit croaks regally.
Prince Ribbit hits you.
There is a stone staircase leading up here.
Casting: Throw Flame
Confirm with . or Enter, or press ? or * to list all spells.
Aiming: Flame Tongue
Press: ? - help, Shift-Dir - straight line, f - Prince Ribbit
Aim: Prince Ribbit The flame hits Prince Ribbit.
Prince Ribbit is lightly wounded.
Prince Ribbit hits you!
* * * LOW HITPOINT WARNING * * *
Casting: Flame Tongue
Confirm with . or Enter, or press ? or * to list all spells.
Aiming: Flame Tongue
Press: ? - help, Shift-Dir - straight line, f/p - Prince Ribbit
Aim: Prince Ribbit (lightly wounded) Prince Ribbit momentarily phases out as the flame passes through him.
Prince Ribbit hits you!
You die...

##################
#................##
#.#...%@#####(....######
###......F.####...........
###........%....#...........
............>..#%##...)......
###.#.........#....((.......
#........#####(.#..##...
#...............#..# #.
#..#...#######.##..# #..#####
#.##..#


You could see Prince Ribbit.

Vanquished Creatures
  3 worker ants (D:4)
  5 adders
  An inept feature mimic (D:3)
  4 worms
  4 giant geckos
  3 oozes (D:1)
  4 orcs (D:3)
  A ball python (D:2)
  9 bats
  A giant cockroach (D:2)
  15 hobgoblins
  13 kobolds
  6 giant newts
  10 goblins
  14 rats
93 creatures vanquished.

Notes
Turn   | Place    | Note
--------------------------------------------------------------
     0 | D:1      | Mitsuki, the Djinni Fire Elementalist, began the quest for the Orb.
     0 | D:1      | Reached XP level 1. HP: 14/14 MP: 0/0
   309 | D:1      | Reached XP level 2. EP: 12/22
   640 | D:1      | Reached skill level 5 in Fire Magic
  1060 | D:1      | Reached XP level 3. EP: 24/27
  1906 | D:2      | Reached skill level 6 in Fire Magic
  1973 | D:2      | Learned a level 3 spell: Conjure Flame
  1986 | D:2      | Reached XP level 4. EP: 32/35
  2005 | D:2      | Learned a level 4 spell: Sticky Flame
  3614 | D:3      | Reached XP level 5. EP: 30/42
  4405 | D:3      | HP: 2/42 [poisoned by a worker ant]
  4638 | D:4      | Reached skill level 7 in Fire Magic
  4642 | D:4      | Learned a level 2 spell: Throw Flame
  4691 | D:4      | Noticed Prince Ribbit
  4702 | D:4      | Mangled by Prince Ribbit

Action                   |  1- 3 |  4- 6 || total
-------------------------+-------+-------++-------
Melee: Unarmed           |     1 |       ||     1
 Cast: Flame Tongue      |    83 |   107 ||   190
       Conjure Flame     |       |     4 ||     4
       Sticky Flame      |       |     2 ||     2
  Use: Potion            |     4 |     5 ||     9
       Scroll            |     1 |    10 ||    11
